 Dungeon Crawl Stone Soup version 0.29.0-13-gc9e81de378 (webtiles) character file.

Game seed: 2484372359135457069

1269 Strat the Cudgeller (level 8, -1/67 HPs)
             Began as a Ghoul Summoner on Sept 8, 2022.
             Was an Initiate of Gozag.
             Slain by an ogre
             ... wielding a +0 giant spiked club
              (24 damage)
             ... on level 6 of the Dungeon.
             The game lasted 00:06:46 (5092 turns).

Strat the Cudgeller (Ghoul Summoner)                Turns: 5092, Time: 00:06:47

Health: -1/67      AC: 15    Str: 14    XL:     8   Next: 53%
Magic:  5/9        EV: 10    Int: 13    God:    Gozag
Gold:   520        SH:  0    Dex:  9    Spells: 7/10 levels left

rFire   . . .      SeeInvis .   a - +11 mace of Premature Burial {protect, Int+3}
rCold   + . .      Faith    .   (no shield)
rNeg    + + +      Spirit   .   e - +0 ring mail
rPois   ∞          Reflect  .   (no helmet)
rElec   .          Harm     .   r - +0 cloak
rCorr   .          Rampage  .   n - +0 pair of gloves
Will    .....                   (no boots)
Stlth   +.........              (no amulet)
HPRegen 0.00/turn               (no ring)
MPRegen 0.11/turn               (no ring)

@: under a protective aura, inhibited regen
A: claws 1, cold resistance 1, negative energy resistance 3, inhibited
regeneration, torment resistance 2, devour on kill
a: Renounce Religion, Potion Petition, Call Merchant, Bribe Branch


You were on level 6 of the Dungeon.
You worshipped Gozag.
Gozag was pleased with you.
You visited 2 branches of the dungeon, and saw 7 of its levels.

You collected 574 gold pieces.
You paid 54 gold pieces to Gozag.

Inventory:

Hand Weapons
 a - the +11 mace of Premature Burial (weapon) {protect, Int+3}
   (You found it on level 2 of the Dungeon)

   It grants its wielder temporary protection when it strikes (+7 to AC).
   Int:       It affects your intelligence (+3).
 b - a +0 sling
 s - a +0 whip of electrocution
Missiles
 c - 61 stones
Armour
 e - a +0 ring mail (worn)
 k - a +0 robe
 n - a +0 pair of gloves (worn)
 r - a +0 cloak (worn)
Jewellery
 y - a ring of see invisible
Scrolls
 d - 2 scrolls of identify {unknown}
 h - 3 scrolls of teleportation {unknown}
 i - a scroll of immolation {unknown}
 j - 2 scrolls of enchant armour {unknown}
 m - a scroll of amnesia {unknown}
 p - a scroll of acquirement {unknown}
 v - a scroll of torment {unknown}
 w - 3 scrolls of poison {unknown}
Potions
 f - 3 potions of curing {unknown}
 g - a potion of magic
 l - a potion of haste {unknown}
 o - a potion of heal wounds {unknown}
 q - a potion of flight {unknown}
 t - 2 potions of berserk rage {unknown}
 u - a potion of might {unknown}
 x - a potion of brilliance {unknown}


   Skills:
 + Level 4.6 Fighting
 + Level 7.0 Maces & Flails
 + Level 3.2 Armour
 - Level 1.7 Dodging
 - Level 2.1 Stealth
 - Level 2.2 Unarmed Combat
 - Level 1.7 Spellcasting
 - Level 3.6 Summonings


You had 7 spell levels left.
You knew the following spells:

 Your Spells              Type           Power      Damage    Failure   Level
a - Summon Small Mammal   Summ           40%        N/A       12%         1
b - Call Imp              Summ           10%        N/A       19%         2

Your spell library contained the following spells:

 Spells                   Type           Power      Damage    Failure   Level
 Call Canine Familiar     Summ           10%        N/A       34%         3
 Summon Guardian Golem    Hex/Summ       5%         N/A       58%         3
 Summon Lightning Spire   Summ/Air       5%         N/A       94%         4
 Petrify                  Tmut/Erth      1%         N/A       99%         4
 Irradiate                Conj/Tmut      0%         3d11      100%        5
 Dispersal                Tloc           0%         N/A       100%        6
 Disjunction              Tloc           0%         N/A       100%        8
 Sublimation of Blood     Necr           Unusable   N/A       N/A         2

Dungeon Overview and Level Annotations

Branches:
Dungeon (6/15)             Temple (1/1) D:4

Altars:
Fedhas
Gozag
Hepliaklqana
Kikubaaqudgha
Qazlal
Ru
Sif Muna
Trog
Uskayaw
Vehumet
Xom

Shops:
D:2 [   D:3 (


Innate Abilities, Weirdness & Mutations

You are immune to poison.
You have sharp fingernails.
Your flesh is cold resistant. (rC+)
You are immune to negative energy. (rN+++)
You do not regenerate when monsters are visible.
You are immune to unholy pain and torment.
You thrive by killing the living.


Message History

a +0 whip; a +0 leather armour You now have 508 gold pieces (gained 8).
You see here a +0 spear.
Your white imp disappears in a puff of smoke!
Found a hide-covered altar of Uskayaw.
You see here a +1 helmet.
f - 3 emerald potions (gained 1)
You now have 520 gold pieces (gained 12).
An ogre comes into view. It is wielding a +0 giant spiked club.
The ogre shouts!
A hound comes into view.
The ogre attacks as you move away!
The ogre hits you with a +0 giant spiked club!!
The hound barks!
Casting: Call Imp (safe; 19% risk of failure)
Confirm with . or Enter, or press ? or * to list all spells.
A shadowy apparition takes form in the air.
The ogre hits your shadow imp with a +0 giant spiked club!
Your shadow imp dies!
Your shadow imp disappears in a puff of smoke!
Casting: Call Imp (safe; 19% risk of failure)
Confirm with . or Enter, or press ? or * to list all spells.
A beastly little devil appears in a puff of frigid air.
The hound bites your white imp but does no damage.
You hit the ogre.
Your weapon exudes an aura of protection.
The ogre is lightly wounded.
The hound closely misses your white imp. x2
The ogre hits you with a +0 giant spiked club!!
* * * LOW HITPOINT WARNING * * *
Your white imp barely misses the hound.
You hit the ogre. You punch the ogre.
The ogre is heavily wounded.
The hound barely misses your white imp.
Your white imp barely misses the hound.
The hound bites your white imp.
You hit the ogre.
The ogre is heavily wounded.
The ogre hits you with a +0 giant spiked club!!
You die...
Your body crumbles into a pile of gold.

..........+ #...#. ##..........#
#.#.#. #.. ........# #.#.#.
#.###.......# #.#.#. $
#.#.........## #.#...
#.#.#.......##. #..<#.
#.#.#h.........######.
#.#.#5O..............) #
#.#.#@###....)........
#####.####.#.#.# #.#######.....
......#....#.#.###.#######.###.
..............................>
#.#######.####.#.###.#.#####.#.#.
#.# #.# #.#.......#####'#.#. ..#
#.# #.#.###...........#. ..# #.#
#.#.. #............. ..#######.#
#.### #..........##.


You could see an ogre, a hound (ally target) and a friendly white imp
(summoned).

Vanquished Creatures
  2 water moccasins (D:5)
  A black bear (D:5)
  2 ice beasts (D:5)
  An ogre (D:6)
  2 phantoms
  A scorpion (D:4)
  A howler monkey (D:4)
  2 hounds (D:6)
  3 jellies (D:5)
  A gnoll bouda (D:6)
  An iguana (D:4)
  An orc wizard (D:3)
  3 gnolls
  5 adders
  3 dart slugs
  8 orcs
  3 bats
  8 endoplasms
  5 giant cockroaches
  A goblin (D:1)
  7 hobgoblins
  6 quokkas
  3 ball pythons
  A frilled lizard (D:1)
  4 kobolds
  8 rats
83 creatures vanquished.

Vanquished Creatures (collateral kills)
  A bullfrog (D:4)
  2 gnolls (D:6)
  An endoplasm (D:1)
  A hobgoblin (D:2)
  A bat (D:1)
  A frilled lizard (D:1)
7 creatures vanquished.

Vanquished Creatures (others)
  A human (D:5)
  6 plants (D:5)
7 creatures vanquished.

Grand Total: 97 creatures vanquished

Notes
Turn   | Place    | Note
-------+----------+-------------------------------------------
     0 | D:1      | Strat the Ghoul Summoner began the quest for the Orb.
     0 | D:1      | Reached XP level 1. HP: 14/14 MP: 2/2
   143 | D:1      | Reached skill level 1 in Fighting
   143 | D:1      | Reached skill level 1 in Unarmed Combat
   146 | D:1      | Reached XP level 2. HP: 20/23 MP: 3/3
   149 | D:1      | Learned a level 2 spell: Call Imp
   448 | D:1      | Found a faded altar of an unknown god.
  1371 | D:2      | Reached XP level 3. HP: 29/29 MP: 4/4
  1373 | D:2      | Found Wuvoaras's Antique Armour Shoppe.
  1419 | D:2      | Identified the +11 mace of Premature Burial {protect,
                  | Int+3}
  1539 | D:2      | Reached skill level 1 in Maces & Flails
  1954 | D:3      | Found an opulent altar of Gozag.
  1978 | D:3      | Found Xafain's Antique Weapon Shop.
  2110 | D:3      | Reached XP level 4. HP: 35/36 MP: 5/5
  2490 | D:3      | Reached skill level 2 in Maces & Flails
  2558 | D:3      | Found a shimmering blue altar of Sif Muna.
  2698 | D:4      | Reached skill level 3 in Maces & Flails
  2698 | D:4      | Reached XP level 5. HP: 38/41 MP: 6/6
  2749 | D:4      | Found a staircase to the Ecumenical Temple.
  2754 | Temple   | Entered the Ecumenical Temple
  2943 | D:3      | Became a worshipper of Gozag Ym Sagoz the Greedy
  3063 | D:4      | Found a shimmering altar of Xom.
  3318 | D:4      | Noticed a phantom
  3333 | D:4      | Killed a phantom
  3334 | D:4      | Reached skill level 4 in Maces & Flails
  3334 | D:4      | Reached XP level 6. HP: 48/48 MP: 5/7
  3418 | D:4      | Reached skill level 5 in Maces & Flails
  3732 | D:5      | Entered Level 5 of the Dungeon
  3747 | D:5      | Noticed a water moccasin
  3756 | D:5      | Killed a water moccasin
  3757 | D:5      | Reached XP level 7. HP: 42/55 MP: 5/8
  3832 | D:5      | Found a hazy altar of Hepliaklqana.
  3873 | D:5      | Found a sacrificial altar of Ru.
  3883 | D:5      | Reached skill level 6 in Maces & Flails
  4002 | D:5      | Reached skill level 1 in Armour
  4218 | D:5      | Reached XP level 8. HP: 63/63 MP: 9/9
  4608 | D:5      | Found an ancient bone altar of Kikubaaqudgha.
  4986 | D:6      | Reached skill level 7 in Maces & Flails
  5009 | D:6      | Found a hide-covered altar of Uskayaw.
  5092 | D:6      | Slain by an ogre

Illustrated notes

Levels and vault maps discovered:
D:1:      dpeg_arrival_stone_temple_mockup, layout_basic,
          hellmonk_ecumenical_altar_heavens_door
D:2:      layout_loops_ring, serial_shops, shop, chequers_serial_rivers_micro_e
D:3:      layout_basic, mainiacjoe_overflow_tiny_flanked,
          kennysheep_orc_sif_temple, serial_shops,
          nicolae_shop_advertising_works [nicolae_subvault_shop_adworks]
D:4:      layout_loops_ring, tgw_xom, minmay_temple_entry_glassed_door,
          chequers_serial_rivers_small_b
D:5:      layout_loops_ring, old_standard_altar,
          nicolae_hepliaklqana_hazy_memory, tgw_kikubaaqudgha, st_stairs_12
D:6:      layout_basic, nicolae_uskayaw_suspiria
Temple:   hellmonk_temple_flake

Skill      XL: |  1  2  3  4  5  6  7  8 |
---------------+-------------------------+-----
Fighting       | 1 2 3 4 |  4.6
Unarmed Combat | 1 2 |  2.2
Maces & Flails | 1 3 4 5 6 7 |  7.0
Armour         | 2 3 |  3.2
Dodging        | |  1.7
Stealth        | |  2.1
Spellcasting   | |  1.7
Summonings     | |  3.6

Action                   |  1- 3 |  4- 6 |  7- 9 || total
-------------------------+-------+-------+-------++-------
Melee: Unarmed           |    64 |       |       ||    64
       Mace              |    28 |    60 |    55 ||   143
       Punch             |     1 |       |     4 ||     5
 Fire: Sling             |    15 |       |       ||    15
 Cast: Summon Small Mamm |     4 |       |       ||     4
       Call Imp          |     1 |     3 |     7 ||    11
 Stab: Sleeping          |     1 |     4 |     1 ||     6
       Distracted        |       |     1 |       ||     1
Armor: Robe              |    28 |    10 |       ||    38
       Ring mail         |       |    16 |    30 ||    46
Dodge: Dodged            |    60 |    31 |    25 ||   116
